 Dungeon Crawl Stone Soup version 0.16.1-11-g651b585 (webtiles) character file.

220 maniek23 the Insei (level 5, 0/25 HPs)
             Began as a Vine Stalker Transmuter on Apr 3, 2015.
             Succumbed to an adder's poison
             ... on level 3 of the Dungeon.
             The game lasted 00:06:48 (1748 turns).

maniek23 the Insei (Vine Stalker Transmuter)        Turns: 1748, Time: 00:06:48

Health: 0/25       AC:  3    Str: 12    XL:     5   Next: 97%
Magic:  3/12       EV: 13    Int: 14    God:
Gold:   125        SH:  0    Dex: 15    Spells: 3 memorised, 3 levels left

rFire  . . .     SeeInvis .       - Unarmed
rCold  . . .     Clarity  .     c - +0 robe
rNeg   . . .     SustAb   .     (no shield)
rPois  .         Gourm    .     k - +0 helmet
rElec  .         Spirit   +     (no cloak)
rCorr  .         Warding  .     (no gloves)
rMut   .         Stasis   .     (boots unavailable)
MR     .....                    (no amulet)
Stlth  ++........               p - ring of wizardry
                                i - ring of wizardry

@: lethally poisoned (0 -> -1), appendage, hasted, very quick, not resistant to
hostile enchantments, unstealthy
A: fangs 2, talons 3, regeneration 1, magic shield, antimagic bite, no device
heal 3, rot immunity
a: End Transformation


You were on level 3 of the Dungeon.
You were not hungry.
You had grown temporary talons.
You visited 1 branch of the dungeon, and saw 3 of its levels.

You collected 125 gold pieces.

Inventory:

Missiles
 b - 33 arrows
Armour
 c - a +0 robe (worn)
 k - a +0 helmet (worn)
Jewellery
 i - a ring of wizardry (left hand)
 p - a ring of wizardry (right hand)
Scrolls
 f - 5 scrolls of identify {unknown}
 j - a scroll of random uselessness {unknown}
Potions
 e - a potion of curing {unknown}
 l - 2 potions of haste
 m - a potion of flight {unknown}
 o - a potion of brilliance {unknown}
Books
 d - a book of Changes

   Spells                             Type                      Level
   a - Beastly Appendage              Transmutation                1
   b - Sticks to Snakes               Transmutation                2
   c - Spider Form                    Transmutation/Poison         3
   d - Ice Form                       Ice/Transmutation            4
   e - Blade Hands                    Transmutation                5
Comestibles
 a - 4 bread rations
 g - 6 fruits
 h - 2 chunks of flesh
 n - a meat ration
 q - a beef jerky


   Skills:
 + Level 1.6 Fighting
 + Level 2.7 Dodging
 + Level 0.6 Stealth
 * Level 4.4 Unarmed Combat
 * Level 2.9 Spellcasting
 * Level 3.1 Transmutations
 + Level 0.2 Poison Magic


You had 3 spell levels left.
You knew the following spells:

 Your Spells              Type           Power        Failure   Level  Hunger
a - Beastly Appendage     Trmt           ##....       2%          1    #......
b - Sticks to Snakes      Trmt           ##........   3%          2    ##.....
c - Spider Form           Trmt/Pois      #.........   11%         3    ###....


Dungeon Overview and Level Annotations

Branches:
Dungeon (3/15)

Altars:
The Shining One


Innate Abilities, Weirdness & Mutations

You have extremely sharp teeth.
Your natural rate of healing is unusually fast.
When hurt, damage is shared between your health and your magic reserves.
Your bite disrupts and absorbs the magic of your enemies.
Potions and wands cannot restore your health.
You are immune to rotting.
You have claws for feet.


Message History

The adder closely misses you. The giant gecko bites you.
* * * LOW HITPOINT WARNING * * *
You closely miss the adder. Your kick misses the adder.
The adder is severely wounded.
The adder closely misses you.
The giant gecko bites you but does no damage.
The adder bites you.
You are lethally poisoned!
The adder poisons you!
You completely miss the adder. You bite the adder. You drain its power.
You feel invigorated.
The adder is severely wounded.
* * * LOW HITPOINT WARNING * * *
You feel sick. The giant gecko misses you. The adder closely misses you.
You barely miss the adder.
The adder is severely wounded.
The adder bites you. The giant gecko barely misses you.
Drink which item? (? for menu, Esc to quit)
It was a potion of haste.
You feel yourself speed up.
You die...

####### #.....# .
#.....##...
#.....##...#
#.....##...########
#..l......%+.......
#.@S$......####....
####.......# #....
#.....######....
##'##........[..
#..............
#.##...........
#.##...........
#.##...........
#.##.......####


You could see an adder and a giant gecko.

Vanquished Creatures
  The ghost of maniek23 the Ruffian, an average VSTm of Elyvilon (D:3)
  Ijyb (D:2)
  Terence (D:2)
  Robin (D:1)
  5 adders (D:2)
  2 worms (D:2)
  A giant gecko (D:2)
  6 bats
  6 hobgoblins
  6 jackals (D:1)
  2 ball pythons (D:2)
  A giant cockroach (D:1)
  2 giant newts (D:1)
  14 goblins
  8 kobolds
  9 rats
66 creatures vanquished.

Notes
Turn   | Place    | Note
--------------------------------------------------------------
     0 | D:1      | maniek23, the Vine Stalker Transmuter, began the quest for the Orb.
     0 | D:1      | Reached XP level 1. HP: 9/9 MP: 3/3
   204 | D:1      | Reached XP level 2. HP: 12/14 MP: 4/6
   319 | D:1      | Found a glowing golden altar of the Shining One.
   703 | D:2      | Noticed Robin
   714 | D:1      | Reached skill level 1 in Fighting
   714 | D:1      | Reached XP level 3. HP: 12/18 MP: 7/7
   782 | D:1      | Killed Robin
   829 | D:2      | Noticed Terence
   861 | D:2      | Killed Terence
   930 | D:2      | Reached XP level 4. HP: 22/22 MP: 7/9
   947 | D:2      | Learned a level 2 spell: Sticks to Snakes
   951 | D:2      | Learned a level 3 spell: Spider Form
  1103 | D:2      | Noticed Ijyb
  1129 | D:2      | Killed Ijyb
  1129 | D:2      | Reached skill level 4 in Unarmed Combat
  1143 | D:2      | Reached XP level 5. HP: 18/25 MP: 12/12
  1717 | D:3      | Noticed maniek23's ghost (average VSTm)
  1727 | D:3      | Killed maniek23's ghost
  1744 | D:3      | HP: 1/25 [giant gecko (1)]
  1748 | D:3      | Succumbed to an adder's poison

Action                   |  1- 3 |  4- 6 || total
-------------------------+-------+-------++-------
Melee: Unarmed           |   121 |   121 ||   242
 Cast: Beastly Appendage |     8 |    11 ||    19
       Spider Form       |       |     2 ||     2
  Use: Potion            |       |     1 ||     1
  Eat: Chunk             |       |     3 ||     3
